Cogmind - Beta 16 @@@ ROGUE MODE // 2025.10.25 @ 20:02:41 Player: winnking222 Result: Destroyed by as-51139 with Assembled F-torch Performance ------------- Evolutions (0) 0 Regions Visited (4) 800 Robots Destroyed (18) 90 Value Destroyed (296) 296 Prototype IDs (23) 460 Alien Tech Used (0) 0 Bonus (300) 300 TOTAL SCORE: 1946 Bonus ------- Aligned with FarCom 300 Cogmind --------- Core Integrity 0/250 Matter 89/300 Energy 100/100 System Corruption 0% Temperature Cool (20) Movement Treading (240) Ox1 Location -9/Mines Parts ------- > --- POWER (1) -------- (None) > --- PROPULSION (2) --- Improved Treads Improved Treads > --- UTILITY (2) ------ High-capacity Storage Unit > --- WEAPON (2) ------- Shotgun Rocket Launcher > --- INVENTORY (20) --- Wheel Compact Wheel Improved Hover Unit Improved Hover Unit Improved Hover Unit Improved Hover Unit Improved Hover Unit Improved Hover Unit Improved Hover Unit Improved Hover Unit Lightpack 2.0 High-capacity Matter Pod (87) Experimental Sensor Array Latent Energy Streamer Shotgun Peak State ------------ > --- POWER ------------ Ion Engine > --- PROPULSION ------- Improved Treads Improved Treads > --- UTILITY ---------- High-capacity Storage Unit Seismic Detector > --- WEAPON ----------- Shotgun Shotgun > --- INVENTORY -------- Improved Treads Improved Treads Wheel Compact Wheel Improved Hover Unit Improved Hover Unit Improved Hover Unit Improved Hover Unit Improved Hover Unit Improved Hover Unit Improved Hover Unit Improved Hover Unit Lightpack 2.0 High-capacity Matter Pod Experimental Sensor Array Latent Energy Streamer Shotgun Rocket Launcher [Rating: 18] Favorites ----------- Power Ion Engine Engine Ion Engine Propulsion Light Treads Treads Light Treads Utility Seismic Detector Device Seismic Detector Storage High-capacity Storage Unit Weapon Shotgun Ballistic Gun Shotgun Launcher Rocket Launcher Build | -11 -10 -10 -10 -9 ------- Run | Yrd Mat Min Exi Min Slots Evolved . | . . . . . Power . | . . . . . Propulsion . | . . . . . Utility . | . . . . . Weapon . | . . . . . Parts Attached 21 | 7 6 . 3 5 Power 2 | 1 . . 1 . Engine 2 | 1 . . 1 . Core . | . . . . . Reactor . | . . . . . Propulsion 7 | 2 1 . 1 3 Treads 7 | 2 1 . 1 3 Leg . | . . . . . Wheel . | . . . . . Hover . | . . . . . Flight . | . . . . . Utility 5 | 2 3 . . . Device 2 | 1 1 . . . Storage 3 | 1 2 . . . Processor . | . . . . . Hackware . | . . . . . Protection . | . . . . . Artifact . | . . . . . Weapon 7 | 2 2 . 1 2 Energy Gun . | . . . . . Energy Cannon . | . . . . . Ballistic Gun 6 | 2 2 . 1 1 Ballistic Cannon . | . . . . . Launcher 1 | . . . . 1 Special Weapon . | . . . . . Impact Weapon . | . . . . . Slashing Weapon . | . . . . . Piercing Weapon . | . . . . . Special Melee Weapon . | . . . . . Unidentified Prototypes . | . . . . . Parts Lost 6 | . 1 . . 5 Power 1 | . . . . 1 Propulsion 2 | . . . . 2 Utility 2 | . 1 . . 1 Weapon 1 | . . . . 1 Highest Loss Streak 4 | . 1 . . 4 To Critical Strikes . | . . . . . Average Backups 15 | 4 11 20 19 17 Power . | 1 1 1 . . Propulsion 9 | 2 6 14 13 11 Utility 1 | . 1 2 2 2 Weapon 2 | . 2 3 3 2 Tool/Special . | . . . . . Unused Backups 19 | . 3 . 1 15 Power . | . . . . . Propulsion 12 | . 2 . . 10 Utility 4 | . . . 1 3 Weapon 3 | . 1 . . 2 Tool/Special . | . . . . . Average Slot Usage (%) 98 | . 99 100 100 93 Engine 13 | . 14 14 14 10 Treads 27 | . 28 28 28 27 Device 13 | . 13 14 14 10 Storage 14 | . 14 14 14 14 Ballistic Gun 27 | . 28 28 28 27 Peak Build Rating 18 | 7 11 11 16 18 Average Rating 10 | 5 7 11 13 17 On Entrance 9 | . 7 11 11 16 Avg Prop Armor Cover (%) . | . . . . . Naked Turns . | . . . . . Heaviest Build 52 | 14 50 50 52 52 Greatest Support 46 | 40 40 40 43 46 Greatest Overweight (x) 1 | . 1 1 1 1 Average Overweight (x) . | . . 1 1 . Largest Inventory Capacity 20 | 8 20 20 20 20 Average Capacity 16 | 7 12 20 20 20 Most Carried 20 | 8 20 20 20 20 Average Carried 15 | 4 11 20 19 19 Final Capacity 20 | 8 20 20 20 20 Final Carried 20 | 7 20 20 20 17 Class Distribution -------------------- 100% | Mutant Dominant Class ---------------- Mutant | -10/Materials Mutant | -10/Mines Mutant | -10/Exiles Mutant | -9/Mines Resources | -11 -10 -10 -10 -9 ----------- Run | Yrd Mat Min Exi Min Matter Collected 612 | 326 286 . . . Remotely . | . . . . . Salvage Created 477 | 145 294 . . 38 Parts 30 | 10 20 . . . Haulers Intercepted 1 | . 1 . . . Recyclers Shooed 1 | . 1 . . . Parts Field Recycled . | . . . . . Retrieved Matter . | . . . . . Parts Self-Destructed . | . . . . . Prevented . | . . . . . Parts Restored . | . . . . . Kills | -11 -10 -10 -10 -9 ------- Run | Yrd Mat Min Exi Min Combat Hostiles Destroyed 14 | . 9 . . 5 Guns 11 | . 9 . . 2 AOE 3 | . . . . 3 Classes Destroyed 8 | 2 4 . . 2 Tunneler 4 | 4 . . . . Hauler 1 | . 1 . . . Recycler 1 | 1 . . . . Watcher 2 | . 2 . . . Swarmer 6 | . 6 . . . Grunt 3 | . 3 . . . Demolisher 1 | . . . . 1 Assembled 4 | . . . . 4 Best Kill Streak 6 | 3 6 . . 4 Combat Bots Only 6 | . 6 . . 4 Max Kills in Single Turn 1 | 1 1 . . 1 Gunslinging . | . . . . . Exploded 1 | . . . . 1 Melee . | . . . . . Uniques/NPCs Destroyed . | . . . . . Combat | -11 -10 -10 -10 -9 -------- Run | Yrd Mat Min Exi Min Hostile Shots Fired 85 | . 48 . . 37 Missed 14 | . 7 . . 7 Hits 71 | . 41 . . 30 Melee 9 | . . . . 9 Projectile 62 | . 41 . . 21 AOE 15 | . . . . 15 Critical Strikes 4 | . 3 . . 1 Damage Taken 1433 | . 407 . . 1026 Core 253 | . 67 . . 186 Absorbed by Shields . | . . . . . Core Remaining (%) 100 | 100 . . . . Volleys Fired 69 | 14 42 . . 13 Largest 2 | 2 2 . . 2 Hottest 56 | 40 40 . . 56 Shots Fired 138 | 28 84 . . 26 Gun 134 | 28 84 . . 22 Cannon . | . . . . . Launcher 4 | . . . . 4 Special . | . . . . . Kinetic 134 | 28 84 . . 22 Thermal . | . . . . . Explosive 4 | . . . . 4 Electromagnetic . | . . . . . Robot Hit Streak 9 | 4 9 . . 6 Robot Miss Streak 4 | 2 3 . . 4 Penetration Max . | . . . . . Secondary Targets 1 | . 1 . . . Max Gunslinging Chain 1 | . 1 . . . Shots Hit Robots 91 | 19 53 . . 19 Core Hits 48 | 8 24 . . 16 Critical Kills . | . . . . . Critical Parts Destroyed . | . . . . . Critical Strikes 1 | . . . . 1 Destroy 1 | . . . . 1 Melee Attacks . | . . . . . Impact . | . . . . . Slashing . | . . . . . Piercing . | . . . . . Sneak Attacks . | . . . . . Combat Hostiles . | . . . . . Follow-up Attacks . | . . . . . Damage Inflicted 1281 | 222 572 . . 487 Guns 1058 | 222 571 . . 265 Cannons . | . . . . . Explosions 222 | . . . . 222 Melee . | . . . . . Ramming 1 | . 1 . . . Kinetic 1058 | 222 571 . . 265 Thermal . | . . . . . Explosive 222 | . . . . 222 Electromagnetic . | . . . . . Impact . | . . . . . Slashing . | . . . . . Piercing . | . . . . . Highest Corruption . | . . . . . Average Corruption . | . . . . . Corruption Purged . | . . . . . Corruption Blocked . | . . . . . Overload Shots . | . . . . . Overflow Damage 9 | . . . . 9 Projectiles . | . . . . . Explosions 9 | . . . . 9 Melee . | . . . . . Knockbacks . | . . . . . Impact . | . . . . . Kinetic . | . . . . . Secondary . | . . . . . Self-Inflicted Damage 30 | . . . . 30 Shots 2 | . . . . 2 Rammed 2 | . 2 . . . Targets Rammed 2 | . 2 . . . Kicked . | . . . . . Crushed . | . . . . . Highest Temperature 43 | . 43 . . . Average Temperature 17 | . 17 . . . Received Heat Transfer 128 | . 108 . . 20 Siege Activations . | . . . . . Martial Activations . | . . . . . Shielding Activations . | . . . . . Robots Disrupted . | . . . . . Combat Hostiles . | . . . . . Robots Corrupted . | . . . . . Combat Hostiles . | . . . . . Parts Fried . | . . . . . Impact Corruptions . | . . . . . Robots Melted . | . . . . . Combat Hostiles . | . . . . . Parts Melted . | . . . . . Heat Transferred . | . . . . . Parts Sabotaged . | . . . . . Parts Stolen . | . . . . . Parts Stripped . | . . . . . Power Chain Reactions . | . . . . . Alert | -11 -10 -10 -10 -9 ------- Run | Yrd Mat Min Exi Min Maximum Alert Level . | . . . . . Low Security (%) 100 | 100 100 100 . 100 Level 1 . | . . . . . Level 2 . | . . . . . Level 3 . | . . . . . Level 4 . | . . . . . Level 5 . | . . . . . High Security . | . . . . . Max Security . | . . . . . Peak Influence 136 | 10 136 . . 20 Initial . | . . . . . Average 12 | 2 23 . . 1 Influence Increases 347 | 25 282 . . 40 Destroy 0b10 Robot/C 200 | . 180 . . 20 Destroy 0b10 Robot/NC 40 | 25 15 . . . Destroy Leader 46 | . 46 . . . Successful Hack 11 | . 11 . . . Destroy Structure 20 | . . . . 20 Lose Combat Pursuer 30 | . 30 . . . Influence Decreases 340 | 25 282 . . 33 Time Decay 324 | 25 272 . . 27 Lost Part 16 | . 10 . . 6 Squads Dispatched 2 | . 2 . . . Investigation 2 | . 2 . . . Extermination . | . . . . . Reinforcement . | . . . . . Assault . | . . . . . Garrison . | . . . . . Intercept . | . . . . . Searches Triggered . | . . . . . Construction Impeded . | . . . . . Haulers Reinforced . | . . . . . Active Scanning Responses . | . . . . . Cargo Convoy Interrupts . | . . . . . Stealth | -11 -10 -10 -10 -9 --------- Run | Yrd Mat Min Exi Min Distress Signals 2 | . 1 . . 1 Communications Jammed . | . . . . . Distress Signals . | . . . . . Times Spotted 25 | . 16 . . 9 Peak Tracking Total 4 | . 3 . . 4 Tactical Retreats 1 | . 1 . . . Traps | -11 -10 -10 -10 -9 ------- Run | Yrd Mat Min Exi Min Traps Triggered 2 | . 2 . . . Indirectly . | . . . . . Trap Hack Attempts . | . . . . . Triggered . | . . . . . Disarmed . | . . . . . Reprogrammed . | . . . . . Reused . | . . . . . Traps Extracted . | . . . . . Installed . | . . . . . Triggered . | . . . . . Machines | -11 -10 -10 -10 -9 ---------- Run | Yrd Mat Min Exi Min Machines Disabled . | . . . . . Max in Single Turn . | . . . . . Machines Repaired . | . . . . . Machines Dismantled . | . . . . . Machines Sabotaged . | . . . . . Overloaded Fab Kills . | . . . . . Hacking | -11 -10 -10 -10 -9 --------- Run | Yrd Mat Min Exi Min Machines Accessed 8 | . 6 . 2 . Terminals 6 | . 6 . . . Fabricators . | . . . . . Repair Stations . | . . . . . Recycling Units . | . . . . . Scanalyzers . | . . . . . Garrison Access . | . . . . . Total Hacks 21 | . 18 . 3 . Successful 11 | . 8 . 3 . Failed 10 | . 10 . . . Catastrophic . | . . . . . Database Lockouts . | . . . . . Manual 19 | . 18 . 1 . Terminals 18 | . 18 . . . Fabricators . | . . . . . Repair Stations . | . . . . . Recycling Units . | . . . . . Scanalyzers . | . . . . . Garrison Access . | . . . . . Terminal Hacks 3 | . . . 3 . Record 2 | . . . 2 . Proto ID Catalog 1 | . . . 1 . Fabricator Hacks . | . . . . . Repair Station Hacks . | . . . . . Recycling Unit Hacks . | . . . . . Scanalyzer . | . . . . . Garrison Access Hacks . | . . . . . Unauthorized Hacks 8 | . 8 . . . Terminals 8 | . 8 . . . Botnet 2 | . 2 . . . Skim 6 | . 6 . . . Fabricators . | . . . . . Repair Stations . | . . . . . Recycling Units . | . . . . . Scanalyzers . | . . . . . Garrison Access . | . . . . . Data Cores Recovered . | . . . . . Used . | . . . . . Hacking Detections 4 | . 4 . . . Full Trace Events 1 | . 1 . . . Feedback Events . | . . . . . Feedback Blocked . | . . . . . Robot Schematics Acquired . | . . . . . Robots Built . | . . . . . Authchips . | . . . . . Time . | . . . . . Total Robot Build Rating . | . . . . . Part Schematics Acquired . | . . . . . Parts Built . | . . . . . Authchips . | . . . . . Time . | . . . . . Total Part Build Rating . | . . . . . Part Studies Acquired . | . . . . . Parts Repaired . | . . . . . Time . | . . . . . Parts Recycled . | . . . . . Recycled Matter . | . . . . . Retrieved Matter . | . . . . . Retrieved Components . | . . . . . Parts Scanalyzed . | . . . . . Part Schematics Acquired . | . . . . . Parts Damaged . | . . . . . Bothacking | -11 -10 -10 -10 -9 ------------ Run | Yrd Mat Min Exi Min Used RIF Installer . | . . . . . Robots Hacked . | . . . . . Non-combat . | . . . . . Combat . | . . . . . Robot Hacks Applied . | . . . . . Relay Couplers Released . | . . . . . Fabnet Peak Effective % . | . . . . . Robots Rewired . | . . . . . Allies Hacked . | . . . . . Hacks Repelled . | . . . . . Allies | -11 -10 -10 -10 -9 -------- Run | Yrd Mat Min Exi Min Total Allies 2 | . . 2 . . Largest Group 2 | . . 2 2 . Highest-Rated Group 40 | . . 40 40 . Highest-Rated Ally 31 | . . 31 31 . Total Orders . | . . . . . Ally Attacks . | . . . . . Total Damage . | . . . . . Kills . | . . . . . Allies Corrupted . | . . . . . Allies Melted . | . . . . . Intel | -11 -10 -10 -10 -9 ------- Run | Yrd Mat Min Exi Min Active Infowar (turns) 3229 | 6 1508 773 532 410 Seismic 3229 | 6 1508 773 532 410 Robot Analysis Total . | . . . . . Derelict Logs Recovered 3 | . . 1 . 2 Drone Launches . | . . . . . Drone Recoveries . | . . . . . Exploration | -11 -10 -10 -10 -9 ------------- Run | Yrd Mat Min Exi Min Turns Passed 3517 | 122 1554 773 532 536 Spaces Moved 1536 | 48 729 320 219 220 Core 11 | 11 . . . . Treads 1525 | 37 729 320 219 220 Legs . | . . . . . Wheels . | . . . . . Hover . | . . . . . Flight . | . . . . . Fastest Speed 50 | 50 160 240 240 160 Average Speed 205 | 134 180 240 240 221 Slowest Speed 240 | 160 240 240 240 240 Overloaded Moves . | . . . . . Propulsion Burnouts . | . . . . . Robots Hopped . | . . . . . Potential Cave-ins . | . . . . . Cave-ins Triggered . | . . . . . Exploration Rate (%) 58 | 4 93 60 59 74 Regions Visited 4 Branch Regions 3 Pre-discovered Areas 2 | . 1 . 1 . Known Exits Taken . | . . . . . Unknown Exits Taken 4 | 1 1 1 1 . Scrap Searched . | . . . . . Spaces Dug . | . . . . . Terrain Destroyed 27 | . . . . 27 Melee . | . . . . . Projectile . | . . . . . AOE 27 | . . . . 27 Terrain Rammed . | . . . . . Walls Destroyed . | . . . . . Machines Disabled . | . . . . . Actions | -11 -10 -10 -10 -9 --------- Run | Yrd Mat Min Exi Min Total 1770 | 79 895 326 227 243 Wait 95 | . 88 7 . . Move 1532 | 47 728 319 218 220 Hop . | . . . . . Pick Up 36 | 11 21 . 2 2 Fast Attach 4 | 3 . . . 1 Attach 8 | 4 1 . . 3 Detach . | . . . . . Swap 10 | . 5 . 3 2 Drop 14 | . 8 . 4 2 Fire 69 | 14 42 . . 13 Melee . | . . . . . Ram . | . . . . . Kick . | . . . . . Crush 2 | . 2 . . . Escape Stasis . | . . . . . Rewire . | . . . . . Trap . | . . . . . Miscellaneous . | . . . . . Route ------- -11/Scrapyard -10/Materials (discovered 6 exits: [*Mat x3] / [*Min x2] / Sub) -10/Mines (discovered 3 exits: [*Mat] / *Exi / *Sub) -10/Exiles -9/Mines (discovered 1 exit: [*Mat]) History --------- Turn | Location | Event 18 | -11/Scrapyard | Discovered new exit (range 16) 123 | -11/Scrapyard | Entered Materials 309 | -10/Materials | Build established: Mutant 359 | -10/Materials | Discovered new exit (range 5) 514 | -10/Materials | Discovered new exit (range 10) 857 | -10/Materials | Discovered new exit (range 6) 907 | -10/Materials | Discovered new exit (range 11) 958 | -10/Materials | Discovered new exit (range 16) 1202 | -10/Materials | Identified exit to Subcaves 1339 | -10/Materials | Learned 2 Storage zone layouts 1437 | -10/Materials | Learned location of Subcaves (-10) 1473 | -10/Materials | Learned Storage security intel 1521 | -10/Materials | Learned location of 2 exits from Subcaves 1652 | -10/Materials | Learned location of 1 exit from Recycling 1677 | -10/Materials | Entered Mines 1850 | -10/Mines | Deemed a non-threat by the Exiles lab entrance 1850 | -10/Mines | Discovered new exit (range 5) 1992 | -10/Mines | Learned Materials interactive machine intel 2162 | -10/Mines | Discovered new exit (range 7) 2450 | -10/Mines | Entered Exiles 2450 | -10/Exiles | Accompanied by 2 allies 2480 | -10/Exiles | Led the pair of lost Derelicts to a safe place 2510 | -10/Exiles | Met 8R-AWN 2551 | -10/Exiles | Met EX-HEX 2621 | -10/Exiles | Met EX-BIN 2647 | -10/Exiles | Aligned with FarCom system 2650 | -10/Exiles | Given EX-Vault access code 2705 | -10/Exiles | Opened EX-Vault 2724 | -10/Exiles | Found Latent Energy Streamer 2744 | -10/Exiles | Found Lightpack 2.0 2788 | -10/Exiles | Warned to stay clear of 0b10 Research branches 2810 | -10/Exiles | Exiles lab attacked by MAIN.C 2867 | -10/Exiles | Learned location of Zion (-6) 2958 | -10/Exiles | Discovered new exit (range 10) 2982 | -10/Exiles | Stole two prototypes: Lightpack 2.0, Latent Energy Streamer 2982 | -10/Exiles | Entered Mines 2982 | -9/Mines | Discovered new exit (range 13) 2999 | -9/Mines | Received a Rocket Launcher from a helpful Derelict 3065 | -9/Mines | Found a damaged Exp. Sensor Array with a note attached 3070 | -9/Mines | Found Prototype Device 3126 | -9/Mines | Learned Materials security intel 3131 | -9/Mines | Learned Materials terminal intel 3329 | -9/Mines | Assembled infested the area 3366 | -9/Mines | Core integrity fell below 50% 3401 | -9/Mines | Core integrity fell below 20% 3437 | -9/Mines | Lost 4 parts (1p1n1u1w) 3518 | -9/Mines | Destroyed by as-51139 with Assembled F-torch Last Messages --------------- 03476_ U-05 Engineer destroyed. 03478_ T-07 Excavator knocked back. 03485_ T-07 Excavator destroyed. 03490_ as-71606 destroyed. 03495_ R-06 Scavenger collects Wheel. 03496_ as-57637 sneak attacks. 03496_ R-06 Scavenger system corrupted by crushing effect. 03496_ R-06 Scavenger knocked back. 03498_ R-06 Scavenger destroyed. 03500_ T-07 Excavator destroyed. 03501_ as-26812 destroyed. 03504_ Destroyed Asb. Hover Unit. 03504_ as-57637 destroyed. 03505_ The unstable cave ceiling collapses. 03507_ as-35536 destroyed. 03507_ Imp. Treads destroyed. 03507_ Destroyed Imp. Treads. 03509_ U-05 Engineer lays Concrete. 03517_ U-05 Engineer builds a Wall. 03518_ U-05 Engineer lays Concrete. Map ----- +----------------------------------------------------+ | ?????????????????????????????????????????????????? | | ?????????????????????????????????????????????????? | | ?????????????????????????????????????????????????? | | ????????????####?????????????????????????????????? | | ???????##### ######????????????????????????????? | | ??????## #????????????????????????????? | | ?????## #????????????????????????????? | | ????## #?????????????????????????????? | | ???## ###?????????? ?????????????????? | | ??## ##????????? ????????????????? | | ??# ####?????????# ??????????????? | | ??# ##???????????## ??????????????? | | ??## = ##????????????# ??????????????? | | ???## ##?????????????? ??????????????? | | ????# ##???????????????# ??????????????? | | ????## #????????????????# ???????????????? | | ?????## #????????????????# #???????????????? | | ??????# ###??????????????# ##??????????????? | | ??????# ##?????????????# #???######?????? | | ?????## ########???###?# ##?# #####?# | | ?????# < #??## ##? # ### | | ?????# ####### #??# #? | | ?????## ##?????# #?## ## u | | ??????#####??????# #?# ## ! | | ?????????????????#r###k u | | ?????????????????# @ a% ! t | | ?????????????????###### ## ## | | ??????????????????????###### ###### ##? | | ????????????????????????????# ## ##???#####?? | | ?????????????????????????????## #?????????? | | ????#####################???## #?????????? | | ????# #???# *! ##?????????? | | ????# #??## ##%= #??????????? | | ????# ############### #### ##! #??????????# | | ????# #??###????????# #?????????## | | ????# #?? ##???????# #????????## | | ????# #? ##??????##### ## ##????????# | | ????# ## ##?????????####### ##?????????# | | ???## # #????????????????# #?????###### | | ??## #????????????????? #???## | | ?## #?????????????????? #?## | | ?# ####?????????????????? #?# ## | | ## ##??????????? ?????????? #### | | # #???????????? ?????????? #### | | ##???????????? #?????????#?#?# | | ##????????????? ##?????? % ## ## # | | ##?#####???????? #?????# % ## ## | | #### ####????? #?????# # # # | | ## ###??? #?????# | | #### #?????# # #### # | +----------------------------------------------------+ Best States ------------- Heat Dissipation 25 Energy Generation 10 Energy Capacity 250 Matter Stores 300 Matter Capacity 300 Sight Range 16 Terrain Scan Density 10 Evasion (%) 50 Recoil Reduction 2 Item Schematics ----------------- None Robot Schematics ------------------ None Fabricated ------------ Nothing Repaired ---------- Nothing Studied --------- None Alien Tech Used ----------------- None Achievements -------------- Deductive Reasoning Sixth Sense Challenges ------------ None Game ------ Seed RelayArmorExpander Manual? 0 Play Time 00:18:46 Cumulative 198.7 hours Start 2025.10.25 @ 15:00:49 End 2025.10.25 @ 20:02:41 Sessions 3 Manual Loads 0 Difficulty Rogue Special Mode None Game No. 272 Rogue 272 Adventurer 0 Explorer 0 Win Type - Total 3 Types 2/0/0/1/0/0/0/0/0/0 Lore% 73 Gallery% 72 Achievement% 35 Wizard Run 0 Options --------- Layout 0 ASCII 0 Keyboard 0 Movement Mouse Keybinds 0 Fullscreen 1 Font 16/SmallcapsGlow Map View 75x55 Zoom Use 0% Tactical HUD 1 Map Filters NONE Filters NONE Steam 1 RUN: 4ffe3f82-de75-4b40-80ff-1322237382df